 Dungeon Crawl Stone Soup version 0.23.2-1-ga50397a6bc (webtiles) character file.

Game seed: 684348242124936740

1860 Peloso the Carver (level 8, 0/71 HPs)
             Began as a Minotaur Fighter on May 19, 2019.
             Was a Follower of Okawaru.
             Slain by a gnoll
             ... wielding a +0 spear
              (2 damage)
             ... on level 7 of the Dungeon.
             The game lasted 00:12:22 (5013 turns).

Peloso the Carver (Minotaur Fighter)                Turns: 5013, Time: 00:12:23

Health: 0/71       AC:  8    Str: 22    XL:     8   Next: 89%
Magic:  7/7        EV: 10    Int:  5    God:    Okawaru [*.....]
Gold:   92         SH: 12    Dex: 11    Spells: 7/7 levels left

rFire    . . .     SeeInvis +   a - +0 long sword
rCold    . . .     Gourm    .   c - +0 shield
rNeg     . . .     Faith    .   z - +1 ring mail "Nuockugra" {MR+ Slay+6 SInv} (curse)
rPois    .         Spirit   .   (helmet restricted)
rElec    .         Reflect  +   (no cloak)
rCorr    .         Harm     .   (no gloves)
MR       +....                  q - +0 pair of boots
Stlth    +.........             E - +2 amulet of reflection
HPRegen  0.21/turn              (no ring)
MPRegen  0.10/turn              (no ring)

@: no status effects
A: retaliatory headbutt, horns 2
a: Heroism, Renounce Religion


You were on level 7 of the Dungeon.
You worshipped Okawaru.
Okawaru was aware of your devotion.
You were hungry.

You visited 2 branches of the dungeon, and saw 8 of its levels.

You collected 312 gold pieces.
You spent 220 gold pieces at shops.

Inventory:

Hand Weapons
 a - a +0 long sword (weapon)
Armour
 b - a +0 scale mail
 c - a +0 shield (worn)
 q - a +0 pair of boots (worn)
 s - a +0 plate armour
 z - the cursed +1 ring mail "Nuockugra" (worn) {MR+ Slay+6 SInv}
   (You found it on level 5 of the Dungeon)

   It affects your accuracy and damage with ranged weapons and melee attacks
   (+6).
   It affects your resistance to hostile enchantments.
   It lets you see invisible.
   It has a curse placed upon it.
Jewellery
 w - an uncursed amulet of rage
 E - a +2 amulet of reflection (around neck)
Wands
 g - a wand of digging (4)
Scrolls
 e - 6 scrolls of remove curse
 h - 2 scrolls of immolation {unknown}
 k - a scroll of enchant armour {unknown}
 r - a scroll of fog {unknown}
 u - a scroll of blinking {unknown}
 v - 3 scrolls of teleportation {unknown}
 x - a scroll of random uselessness {unknown}
 y - a scroll of magic mapping {unknown}
 A - a scroll of enchant weapon {unknown}
 B - a scroll of identify
Potions
 d - a potion of might
 i - 6 potions of curing
 j - a potion of berserk rage {unknown}
 l - a potion of cancellation
 m - a potion of resistance
 n - 2 potions of ambrosia
 o - 2 potions of flight
 p - 2 potions of haste
 t - 2 potions of agility
 C - a potion of heal wounds
Comestibles
 f - 9 rations


   Skills:
 + Level 6.7 Fighting
 + Level 9.1 Long Blades
 + Level 6.4 Armour
 + Level 3.2 Dodging
 + Level 0.9 Stealth
 + Level 6.9 Shields


You had 7 spell levels left.
You didn't know any spells.
Your spell library contained the following spells:

 Spells                   Type           Power        Failure   Level  Hunger
 Beastly Appendage        Tmut           #.....       93%         1    ##.....
 Magic Dart               Conj           #...         93%         1    ##.....
 Blink                    Tloc           N/A          98%         2    ###....
 Call Imp                 Summ           #.......     98%         2    ###....
 Slow                     Hex            #.......     98%         2    ###....
 Sticks to Snakes         Tmut           #.......     98%         2    ###....
 Conjure Flame            Conj/Fire      #.......     100%        3    ####...
 Mephitic Cloud           Conj/Pois/Air  #.......     100%        3    ####...
 Spider Form              Tmut/Pois      #.........   100%        3    ####...
 Ice Form                 Ice/Tmut       #.......     100%        4    #####..
 Blade Hands              Tmut           #.........   100%        5    ######.


Dungeon Overview and Level Annotations

Branches:
Dungeon (7/15)             Temple (1/1) D:5

Altars:
Ashenzari
Dithmenos
Elyvilon
Gozag
Hepliaklqana
Kikubaaqudgha
Okawaru
Qazlal
Ru
Sif Muna
Trog
Uskayaw
Wu Jian
Yredelemnul
Zin
The Shining One

Shops:
D:6 !

Annotations:
D:4 4 runed translucent doors


Innate Abilities, Weirdness & Mutations

You reflexively headbutt those who attack you in melee.
You have a pair of horns on your head.


Message History

The gnoll hits you with a +0 spear.
You completely miss the jelly. The gnoll barely misses you.
The jelly hits you but does no damage. You block the gnoll's attack.
You slash the jelly!
Your hands burn!
The jelly is heavily wounded.
The gnoll hits you with a cursed +0 flail.
The gnoll hits you with a +0 spear! The jelly hits you but does no damage.
You barely miss the jelly. You headbutt the jelly!
You kill the jelly!
Okawaru accepts your kill.
The gnoll hits you with a cursed +0 flail!
* * * LOW HITPOINT WARNING * * *
The gnoll hits you with a +0 spear.
* * * LOW HITPOINT WARNING * * *
You slash the gnoll! Your headbutt misses the gnoll.
The gnoll is severely wounded.
The gnoll hits you with a cursed +0 flail!
* * * LOW HITPOINT WARNING * * *
The gnoll hits you with a +0 spear.
You die...

# #. .. .#
########..##.#
#.######)....<......#
......g@)######(.####
.......g....# .#
###########.# # #


You could see 2 gnolls.

Vanquished Creatures
  Sigmund (D:6)
  Edmund (D:6)
  An ice beast (D:5)
  A phantom (D:4)
  2 ogres
  3 centaurs
  A wyvern skeleton (D:5)
  2 scorpions
  A vampire bat (D:6)
  3 wights (D:6)
  A howler monkey (D:5)
  A bullfrog zombie (D:5)
  3 jellies
  2 hounds (D:5)
  Ijyb (D:4)
  2 orc wizards
  Jessica (D:2)
  An iguana (D:3)
  2 worker ants
  A killer bee zombie (D:5)
  A hound skeleton (D:5)
  Robin (D:2)
  7 gnolls
  4 adders
  2 shadow imps
  5 oozes
  An adder zombie (D:6)
  3 worms
  2 adder skeletons
  A dart slug (D:1)
  3 leopard geckos
  5 orcs
  14 bats
  4 giant cockroaches
  10 goblins (D:2)
  8 hobgoblins
  5 jackals
  8 kobolds
  3 quokkas
  2 ball pythons
  5 frilled lizards
  8 rats
133 creatures vanquished.

Notes
Turn   | Place    | Note
-------+----------+-------------------------------------------
     0 | D:1      | Peloso the Minotaur Fighter began the quest for the Orb.
     0 | D:1      | Reached XP level 1. HP: 19/19 MP: 0/0
   205 | D:1      | Reached XP level 2. HP: 27/27 MP: 1/1
   374 | D:1      | Reached XP level 3. HP: 30/33 MP: 2/2
   604 | D:2      | Found a white marble altar of Elyvilon.
   693 | D:2      | Noticed Jessica
   702 | D:2      | Killed Jessica
   753 | D:2      | Noticed a scorpion
   763 | D:2      | Killed a scorpion
   763 | D:2      | Reached skill level 3 in Long Blades
   763 | D:2      | Reached skill level 1 in Dodging
   763 | D:2      | Reached XP level 4. HP: 5/41 MP: 3/3
  1162 | D:2      | Noticed Robin
  1187 | D:2      | Killed Robin
  1196 | D:2      | Reached XP level 5. HP: 27/47 MP: 4/4
  1570 | D:2      | Reached skill level 4 in Long Blades
  2450 | D:3      | You fall through a shaft for 2 floors!
  2450 | D:5      | Entered Level 5 of the Dungeon
  2515 | D:5      | Reached XP level 6. HP: 53/53 MP: 5/5
  2693 | D:4      | Found a large runed translucent door.
  2693 | D:4      | Found a large runed translucent door.
  2760 | D:4      | Noticed Ijyb
  2779 | D:4      | Killed Ijyb
  2779 | D:4      | Reached skill level 5 in Long Blades
  2976 | D:4      | Found a large runed translucent door.
  2976 | D:4      | Found a large runed translucent door.
  3021 | D:4      | Reached skill level 5 in Armour
  3021 | D:4      | Reached skill level 5 in Shields
  3092 | D:4      | Reached skill level 5 in Fighting
  3508 | D:5      | Noticed an ice beast
  3517 | D:5      | Reached XP level 7. HP: 47/61 MP: 6/6
  3524 | D:5      | Reached skill level 6 in Long Blades
  3589 | D:5      | Got a faintly humming ring mail
  3601 | D:5      | Identified the cursed +1 ring mail "Nuockugra" {MR+ Slay+6
                  | SInv} (You found it on level 5 of the Dungeon)
  3603 | D:5      | Found a hazy altar of Hepliaklqana.
  3674 | D:5      | Found a staircase to the Ecumenical Temple.
  3692 | Temple   | Entered the Ecumenical Temple
  3769 | Temple   | Became a worshipper of Warmaster Okawaru
  3923 | D:5      | Reached skill level 7 in Long Blades
  4038 | D:5      | Reached XP level 8. HP: 57/70 MP: 7/7
  4375 | D:6      | Found an ornate altar of the Wu Jian Council.
  4409 | D:6      | Noticed Edmund
  4418 | D:6      | Killed Edmund
  4438 | D:6      | Noticed Sigmund
  4443 | D:6      | Killed Sigmund
  4443 | D:6      | Reached * piety under Okawaru
  4443 | D:6      | Reached skill level 8 in Long Blades
  4648 | D:6      | Found Iliqekh's Distillery.
  4653 | D:6      | Bought a potion of agility for 40 gold pieces
  4653 | D:6      | Bought a potion of heal wounds for 50 gold pieces
  4653 | D:6      | Bought a potion of haste for 100 gold pieces
  4653 | D:6      | Bought a potion of flight for 30 gold pieces
  4796 | D:6      | Found a sacrificial altar of Ru.
  5001 | D:7      | Reached skill level 9 in Long Blades
  5013 | D:7      | HP: 2/71 [gnoll/cursed +0 flail (10)]
  5013 | D:7      | Slain by a gnoll

Skill      XL: |  1  2  3  4  5  6  7  8 |
---------------+-------------------------+-----
Fighting       | 4 5 6 |  6.7
Armour         | 4 5 6 |  6.4
Shields        | 4 5 6 |  6.9
Long Blades    | 3 4 5 7 9 |  9.1
Dodging        | 1 2 3 |  3.2
Stealth        | |  0.9

Action                   |  1- 3 |  4- 6 |  7- 9 || total
-------------------------+-------+-------+-------++-------
Melee: Long sword        |    75 |   186 |   108 ||   369
       Headbutt          |    12 |    26 |    25 ||    63
  Use: Potion            |       |     1 |       ||     1
       Scroll            |       |     1 |     3 ||     4
  Eat: Chunk             |       |     8 |     5 ||    13
Armor: Scale mail        |    45 |    50 |       ||    95
       Plate armour      |       |    25 |     8 ||    33
       Ring mail         |       |       |    27 ||    27
Dodge: Dodged            |    23 |    51 |    30 ||   104
Block: Shield            |    47 |    79 |    54 ||   180
       Rpst.: Long sword |     9 |    15 |     8 ||    32
